 Dungeon Crawl Stone Soup version 0.29.1-2-gbd0b4ee654 (webtiles) character file.

Game seed: 10281106064449285769

19 NinjaNoafa the Cutter (level 2, 0/22 HPs)
             Began as a Merfolk Gladiator on Nov 21, 2022.
             Slain by a worm (5 damage)
             ... on level 2 of the Dungeon.
             The game lasted 00:01:36 (1659 turns).

NinjaNoafa the Cutter (Merfolk Gladiator)           Turns: 1659, Time: 00:01:36

Health: 0/22       AC:  4    Str: 14    XL:     2   Next: 75%
Magic:  2/2        EV: 13    Int:  7    God:
Gold:   82         SH:  0    Dex: 15    Spells: 1/1 levels left

rFire   . . .      SeeInvis .   a - +0 rapier
rCold   . . .      Faith    .   (no shield)
rNeg    . . .      Spirit   .   b - +0 leather armour
rPois   .          Reflect  .   c - +0 helmet
rElec   .          Harm     .   (no cloak)
rCorr   .          Rampage  .   (no gloves)
Will    .....                   (no boots)
Stlth   +.........              (no amulet)
HPRegen 0.07/turn               (no ring)
MPRegen 0.08/turn               (no ring)

@: no status effects
A: (nimble swimmer 2), mertail
a: no special abilities


You were on level 2 of the Dungeon.
You visited 1 branch of the dungeon, and saw 2 of its levels.

You collected 82 gold pieces.

Inventory:

Hand Weapons
 a - a +0 rapier (weapon)
Missiles
 d - 3 throwing nets (quivered)
 e - a javelin
 i - 14 stones
Armour
 b - a +0 leather armour (worn)
 c - a +0 helmet (worn)
Jewellery
 f - a ring of fire
 l - a ring of wizardry
Scrolls
 g - a scroll of enchant weapon {unknown}
 j - 3 scrolls of identify {unknown}
Potions
 h - a potion of ambrosia {unknown}
 k - a potion of curing {unknown}


   Skills:
 - Level 2.1 Fighting
 + Level 4.8 Short Blades
 - Level 2.0 Throwing
 - Level 4.0 Dodging


You had one spell level left.
You didn't know any spells.
Your spell library was empty.

Dungeon Overview and Level Annotations

Branches:
Dungeon (2/15)

Altars:


Innate Abilities, Weirdness & Mutations

((You are very nimble when in or above water. (Stealth+, EV+, Speed+++)))
Your lower body shifts to a powerful aquatic tail in water.


Message History

The ball python barely misses you.
There is a stone staircase leading up here.
The ball python bites you but does no damage.
The ball python misses you.
You climb upwards.
There is a stone staircase leading down here.
You hit the ball python.
You kill the ball python!
HP restored.
Done exploring.
There is a stone staircase leading down here.
You climb downwards.
There is a stone staircase leading up here.
Found a stone staircase leading up.
A worm is nearby!
You hit the worm.
The worm is lightly wounded.
The worm barely misses you.
You hit the worm.
The worm is lightly wounded.
The worm closely misses you.
You hit the worm but do no damage. You hit the worm.
The worm is lightly wounded.
The worm bites you!
You hit the worm.
The worm is moderately wounded.
You hit the worm.
The worm is heavily wounded.
The worm bites you but does no damage.
You barely miss the worm.
The worm is moderately wounded.
You hit the worm.
The worm is severely wounded.
The worm bites you!
* * * LOW HITPOINT WARNING * * *
You hit the worm.
The worm is severely wounded.
The worm bites you.
You die...

...#### ######.##.....
.....#.#...# ###.....#<..#
.. ...<....##.####### ..
.................
##.#####............... .
...#..................
#.###..#.##.....@...######
.......#.##....w....# #
#.##...#.##.........# .#
#.....<#.##.#.##+#.## ..#
#.#....#?##.#.##.#.##...#
###..#l#.##.#.##.#.......
.........l..)........>...
###.........#.###$#.....
..#.####.####.##..#.....


You could see a worm.

Vanquished Creatures
  A bat (D:1)
  3 giant cockroaches
  3 goblins
  A hobgoblin (D:1)
  5 ball pythons
  A frilled lizard (D:1)
  3 kobolds
  A rat (D:1)
18 creatures vanquished.

Notes
Turn   | Place    | Note
-------+----------+-------------------------------------------
     0 | D:1      | NinjaNoafa the Merfolk Gladiator began the quest for the
                  | Orb.
     0 | D:1      | Reached XP level 1. HP: 16/16 MP: 1/1
   385 | D:1      | Reached XP level 2. HP: 20/22 MP: 2/2
  1659 | D:2      | Slain by a worm

Illustrated notes

Levels and vault maps discovered:
D:1:      beargit_arrival_diablo_church, layout_basic
D:2:      layout_basic, hellmonk_ecumenical_altar_crossroads

Skill      XL: |  1 |
---------------+----+-----
Short Blades   | 4 |  4.8
Fighting       | |  2.1
Throwing       | |  2.0
Dodging        | |  4.0

Action                   || total
-------------------------++-------
Melee: Rapier            ||    78
Armor: Leather armour    ||    28
Dodge: Dodged            ||    76
